 Dungeon Crawl Stone Soup version 0.32-a0-433-g08bcfe7efd (webtiles) character file.

Game seed: 3880802180743367610

5 Bravepunisher the Ducker (level 1, -1/11 HPs)
             Began as a Spriggan Monk on Feb 22, 2024.
             Killed by divine providence
             ... invoked by an orc priest
              (12 damage)
             ... on level 5 of the Dungeon.
             The game lasted 00:01:33 (304 turns).

Bravepunisher the Ducker (Spriggan Monk)             Turns: 304, Time: 00:01:33

Health: -1/11      AC:  2    Str:  7    XL:     1   Next: 66%
Magic:  2/2        EV: 19    Int: 11    God:
Gold:   15         SH:  0    Dex: 17    Spells: 0/0 levels left

rFire   . . .        a - +0 short sword
rCold   . . .        (no shield)
rNeg    . . .        b - +0 robe
rPois   .            (helmet restricted)
rElec   .            (no cloak)
rCorr   .            (gloves unavailable)
SInv    +            (boots unavailable)
Will    .....        (no amulet)
Stlth   ++           (no ring)
HPRegen 0.21/turn    (no ring)
MPRegen 0.08/turn

%: no passive effects
@: very quick
A: very small, no large weapons, unfitting armour, see invisible, speed 3
a: Convert to Beogh


You were on level 5 of the Dungeon.
You visited 1 branch of the dungeon, and saw 5 of its levels.

You collected 15 gold pieces.

Inventory:

Hand Weapons
 a - a +0 short sword (weapon)
Armour
 b - a +0 robe (worn)
Potions
 c - a potion of ambrosia
 d - a potion of curing {unknown}


   Skills:
 + Level 2.5 Fighting
 - Level 3.2 Short Blades
 * Level 4.3 Dodging


You couldn't memorise any spells.
You didn't know any spells.
Your spell library was empty.

Dungeon Overview and Level Annotations

Branches:
Dungeon (5/15)
 Temple: D:4-7

Altars:
Dithmenos


Innate Abilities, Weirdness & Mutations

You are very small and have problems with some larger weapons.
You are too small for most types of armour.
You have supernaturally acute eyesight. (SInv)
You cover ground extremely quickly. (Speed+++)


Message History

Found 9 gold pieces.
You open the door.
Found a robe.
There is an open door here.
A ribbon worm comes into view.
You open the large door.
There is a large open door here.
A giant cockroach comes into view.
As you close the large door, it creaks loudly!
Found a book of Air and a scroll labelled WIGEG HYMUGA.
A quokka comes into view.
Found 27 gold pieces.
The giant cockroach closely misses you.
The giant cockroach attacks as it pursues you!
The giant cockroach bites you but does no damage.
Found 7 stones.
The giant cockroach attacks as it pursues you!
The giant cockroach bites you but does no damage.
The giant cockroach attacks as it pursues you!
The giant cockroach closely misses you.
The giant cockroach attacks as it pursues you!
The giant cockroach misses you.
Found 2 white potions.
The giant cockroach waves its antennae.
You open the large door.
Found a stone staircase leading down.
There is a large open door here.
Found a spear.
The giant cockroach waves its antennae.
Found an escape hatch in the floor.
There is an escape hatch in the floor here.
You slide downwards.
The hatch slams shut behind you.
Found a chain mail and an emerald potion.
d - an emerald potion An ogre and 2 orc priests come into view.
The ogre shouts!
You hear a shout! x2
The orc priest mumbles some strange prayers to Beogh against you.
Beogh smites you!
Ouch! That really hurt!
You die...

#. #.# #.# ###
#.# .. #.### .###
#. #...#
.....#.###...#
#......#...####
##..#.@.......[#
................#
................#
###.o###.#....###
#.. #.....#...


Oo. ###....### ... .....# ##. ##..... ###### You could see an ogre and 2 orc
priests.

Vanquished Creatures
  5 bats
  A ball python (D:3)
6 creatures vanquished.

Notes
Turn   | Place    | Note
-------+----------+-------------------------------------------
     0 | D:1      | Bravepunisher the Spriggan Monk began the quest for the
                  | Orb.
     0 | D:1      | Reached XP level 1. HP: 11/11 MP: 2/2
   101 | D:3      | Found a shadowy altar of Dithmenos.
   179 | D:3      | Noticed an iguana
   196 | D:4      | Noticed a phantom
   197 | D:4      | Noticed a hound
   238 | D:4      | Noticed a hound
   298 | D:5      | Entered Level 5 of the Dungeon
   304 | D:5      | Noticed an ogre
   304 | D:5      | Noticed an orc priest
   304 | D:5      | Noticed an orc priest
   304 | D:5      | Killed from afar by an orc priest

Illustrated notes

Levels and vault maps discovered:
D:1:      heliophobic_arrival_dark_side_of_the_moon, layout_basic,
          minmay_worlds_worst_comb
D:2:      wad_lake_hut, layout_loops_ring, minmay_misc_feat_encased,
          kennysheep_potato
D:3:      layout_loops_ring, nicolae_dithmenos_through_a_glass_darkly
D:4:      kennysheep_big_flooded_room, layout_loops_ring,
          nicolae_tso_carved_into_rock, serial_bayou, serial_bayou_shore_b,
          serial_bayou_pond_b, serial_bayou_lake_a, serial_bayou_pond_a,
          serial_bayou_pond_d, serial_bayou_shore_b, minmay_box_of_dots
D:5:      layout_loops_ring, serial_shops, nicolae_shop_hallway_plus,
          sigmund_edmund_badplayer, uniq_prince_ribbit1, uniq_edmund

Action                     || total
---------------------------++-------
  Melee: Short sword       ||    21
 Armour: Robe              ||    13
  Dodge: Dodged            ||    57

Table legend: (Time is in decaauts)
 A = Elapsed time spent in this place.
 B = Non-inter-level travel time spent in this place.
 C = Inter-level travel time spent in this place.
 D = Time resting spent in this place.
 E = Time spent auto-exploring this place.
 F = Levels seen in this place.
 G = Mean time per level.
                   A        B        C        D        E       F      G
               +--------+--------+--------+--------+--------+-----+--------+
         Total |    198 |    198 |      0 |      0 |     43 |   5 |   39.6 |
       Dungeon |    198 |    198 |      0 |      0 |     43 |   5 |   39.6 |
               +--------+--------+--------+--------+--------+-----+--------+

Top non-repeatable levels by time:
     D:4: 67 daAuts
     D:3: 60 daAuts
     D:1: 40 daAuts
     D:2: 25 daAuts
     D:5: 4 daAuts
